AoeStats
← [PYSA] - ༺Mojo Jijo༻

Oasis

508529005Analyzed
2v2 RM · 8d ago on Sep 22, 2026· 16m 16s· 4 players
Game mode
Random Map
Map size
Medium (4 player)
Population
200
Speed
Normal
Resources
Standard
Victory
Conquest
Starting age
Dark Age
Ending age
Imperial Age
RankedLock teamsTeams togetherTeam positionsShared explorationLock speedFull tech treeHidden civsTurbo modeCheats
Victory
Defeat
🇨🇿 Danes · Czechia
1255
+14
🇱🇾 Magyars · Libya
1192
+16
1207
-15
🇦🇷 Saxons · Argentina
1196
-15
[PYSA] - Abusamadres Jones
3:33 Loom
12:25 Feudal Age
16:44 Castle Age
[PYSA] - ༺Mojo Jijo༻
7:41 Loom
10:39 Feudal Age
11:11 Double-Bit Axe
16:27 Castle Age
pavifa
5:09 Loom
10:13 Feudal Age
10:28 Man-at-Arms
12:37 Wheelbarrow
12:48 Forging
13:50 Double-Bit Axe
14:40 Arson
15:19 Horse Collar
boxe
8:23 Loom
11:34 Feudal Age
14:20 Horse Collar
Connection lost

Rejoining the realm…

Still unreachable

The connection could not be restored.

Session expired

The server has moved on; the page needs a fresh start.